 Dungeon Crawl Stone Soup version 0.27-a0-637-g3a9f0a9c12 (webtiles) character file.

Game seed: 13160736556367169001

8 EnegeticOcto the Slasher (level 2, -19/20 HPs)
             Began as a Halfling Chaos Knight on Mar 14, 2021.
             Was a Plaything of Xom.
             Demolished by a komodo dragon (shapeshifter) (28 damage)
             ... on level 2 of the Dungeon.
             The game lasted 00:00:42 (115 turns).

EnegeticOcto the Slasher (Halfling Chaos Knight)     Turns: 115, Time: 00:00:43

Health: -19/20     AC:  9    Str: 13    XL:     2   Next: 15%
Magic:  2/2        EV:  8    Int: 10    God:    Xom [..*...]
Gold:   26         SH:  0    Dex: 13    Spells: 1/1 levels left

rFire    . . .     SeeInvis .   a - +0 falchion (chaos)
rCold    . . .     Faith    .   (shield restricted)
rNeg     . . .     Spirit   .   e - +0 chain mail
rPois    .         Reflect  .   (no helmet)
rElec    .         Harm     .   d - +0 cloak
rCorr    .         Rampage  .   (no gloves)
Will     .....                  (no boots)
Stlth    ..........             (no amulet)
HPRegen  0.06/turn              (no ring)
MPRegen  0.08/turn              (no ring)

@: very slightly contaminated, invisible
A: small, no large weapons, mutation resistance 1
a: Renounce Religion


You were on level 2 of the Dungeon.
You worshipped Xom.
You were a toy of Xom.
You visited 1 branch of the dungeon, and saw 2 of its levels.

You collected 26 gold pieces.

Inventory:

Hand Weapons
 a - a +0 falchion of chaos (weapon)
Armour
 b - a +2 leather armour
 d - a +0 cloak (worn)
   (You found it on level 1 of the Dungeon)
 e - a +0 chain mail (worn)
   (You found it on level 1 of the Dungeon)
Scrolls
 f - a scroll of identify {unknown}
Potions
 c - a potion of degeneration {unknown}
 g - a potion of attraction {unknown}


   Skills:
 - Level 2.6 Fighting
 + Level 3.5 Long Blades
 - Level 2.1 Armour
 - Level 1.1 Dodging


You had one spell level left.
You didn't know any spells.
Your spell library was empty.

Dungeon Overview and Level Annotations

Branches:
Dungeon (1/15)

Altars:


Innate Abilities, Weirdness & Mutations

You are small and have problems with some larger weapons.
You are somewhat resistant to further mutation.


Message History

You hit the dart slug but do no damage.
The dart slug is lightly wounded.
Your jackal zombie bites the dart slug but does no damage.
The dart slug bites your jackal zombie.
You hit the dart slug but do no damage.
The dart slug is lightly wounded.
Your jackal zombie bites the dart slug.
The dart slug bites you but does no damage.
Your jackal zombie bites the dart slug.
Your chain mail prevents you from hitting the dart slug.
The dart slug is heavily wounded.
Your jackal zombie bites the dart slug.
The dart slug closely misses your jackal zombie.
You hit the dart slug but do no damage.
The dart slug is severely wounded.
Your jackal zombie bites the dart slug but does no damage.
You hit the dart slug.
The dart slug is severely wounded.
Your jackal zombie bites the dart slug.
The dart slug bites you but does no damage.
Your jackal zombie bites the dart slug but does no damage.
You completely miss the dart slug.
The dart slug is almost dead.
Your jackal zombie bites the dart slug but does no damage.
The dart slug bites you but does no damage.
You hit the dart slug but do no damage.
The dart slug is almost dead.
Your jackal zombie bites the dart slug.
The dart slug launches a dart at you. The slug dart hits you.
You hit the dart slug.
You kill the dart slug!
You see here a dart slug corpse.
You see here 22 stones.
g - an orange potion You swap places.
A frilled lizard comes into view.
You see here 22 stones.
You miss the frilled lizard. The frilled lizard bites you.
Your jackal zombie bites the frilled lizard.
You miss the frilled lizard.
The frilled lizard is heavily wounded.
Your jackal zombie bites the frilled lizard.
The frilled lizard dies!
A gnoll comes into view. It is wielding a +0 short sword.
The gnoll shouts!
You hear a shout!
A gnoll comes into view. It is wielding a +0 whip.
There is a stone staircase leading up here. "Go forth and destroy!"
You fade into invisibility!
A gnoll comes into view. It is wielding a +0 spear.
You are very lightly contaminated with residual magic.
The gnoll shouts!
You hear a shout!
A gnoll comes into view.
You closely miss the gnoll.
The gnoll shouts!
The gnoll barely misses you.
You hit the gnoll.
The gnoll suddenly seems more agile.
The gnoll is moderately wounded.
The gnoll barely misses you.
A hobgoblin comes into view.
You closely miss the gnoll.
The gnoll is moderately wounded.
The hobgoblin shouts!
The gnoll shouts!
Xom snickers.
Your eyebrows wriggle.
The gnoll barely misses you.
You riposte.
You barely miss the gnoll.
The gnoll is moderately wounded.
You closely miss the gnoll.
The gnoll is moderately wounded.
The gnoll shouts!
The gnoll shouts! "See what I see, my child!"
You feel aware of your surroundings.
Your jackal zombie crumbles into dust!
You hit the gnoll. You freeze the gnoll.
The gnoll is heavily wounded.
The gnoll hits you but does no damage. The gnoll barely misses you.
You riposte.
You catch the helpless gnoll completely off-guard!
You hit the gnoll. You burn the gnoll.
The gnoll is heavily wounded.
You completely miss the gnoll.
The gnoll is heavily wounded.
The gnoll hits you but does no damage.
You hit the gnoll.
The gnoll changes into a shapeshifter!
The shapeshifter is heavily wounded.
The shapeshifter changes into a komodo dragon!
You closely miss the komodo dragon. The komodo dragon closely misses you.
You riposte.
You hit the komodo dragon but do no damage.
The komodo dragon suddenly seems more agile.
A dart slug comes into view.
You strike the helpless komodo dragon from behind!
You hit the komodo dragon.
The komodo dragon seems to slow down.
The komodo dragon is lightly wounded.
The komodo dragon bites you!!
Ouch! That really hurt!
You die...
Xom titters!

*****
########.##########
** * , ,,
,,.......†........
,, , ** *
*#######.......##*
* * *
......#.####### ,
,<* , , *
*#†......... ,, ,,*
* * ,, ,,*
#....###### , , ,*
,,,**,, ,, #(....##
, , , , , , ,,* , ,
,* #.#<...#,** *,
,, ,, ,, ,**
#.#@#.## **,*,,,,,
, **** ** #.#l#.#*,
* * * * *
#.gg.....#*,,, ,, ,
* , *
###.#......,,,,, ,
, *, ..####### ,,,,
, *,*,* * #.. ,, ,
, *,,,,,, ...#* ***
, ,,,,,, ** ,*,
w..# ,, , ***
,*,,*..## * *****


You could see a komodo dragon shaped shifter (agile, slow), 2 gnolls and a dart
slug (wandering).

Vanquished Creatures
  A dart slug (D:2)
  A giant cockroach (D:1)
  3 jackals (D:2)
  A bat (D:1)
6 creatures vanquished.

Vanquished Creatures (collateral kills)
  A frilled lizard (D:2)
1 creature vanquished.

Grand Total: 7 creatures vanquished

Notes
Turn   | Place    | Note
-------+----------+-------------------------------------------
     0 | D:1      | EnegeticOcto the Halfling Chaos Knight began the quest for
                  | the Orb.
     0 | D:1      | Reached XP level 1. HP: 15/15 MP: 1/1
    62 | D:1      | You fall into a shaft and drop 1 floor!
    73 | D:2      | Reached XP level 2. HP: 15/20 MP: 2/2
   103 | D:2      | XOM: potion effect (invisibility)
   107 | D:2      | XOM: silly message
   109 | D:2      | XOM: divination: magic mapping
   113 | D:2      | Noticed a shapeshifter
   113 | D:2      | a gnoll changed into a shapeshifter
   113 | D:2      | Noticed a komodo dragon
   113 | D:2      | a shapeshifter changed into a komodo dragon
   115 | D:2      | Demolished by a komodo dragon (shapeshifter)

Illustrated notes

Levels and vault maps discovered:
D:1:      minmay_arrival_split_and_join, layout_loops_ring, item_on_display_a
D:2:      layout_basic, uniq_natasha, uniq_terence

Action                   || total
-------------------------++-------
Melee: Falchion          ||    29
 Stab: Invisible         ||     2
Armor: Chain mail        ||    12
Dodge: Dodged            ||    14
       Rpst.: Falchion   ||     6

Table legend: (Time is in decaauts)
 A = Elapsed time spent in this place.
 B = Non-inter-level travel time spent in this place.
 C = Inter-level travel time spent in this place.
 D = Time resting spent in this place.
 E = Time spent auto-exploring this place.
 F = Levels seen in this place.
 G = Mean time per level.
                   A        B        C        D        E       F      G
               +--------+--------+--------+--------+--------+-----+--------+
         Total |    118 |    118 |      0 |      0 |      0 |   2 |   59.0 |
       Dungeon |    118 |    118 |      0 |      0 |      0 |   2 |   59.0 |
               +--------+--------+--------+--------+--------+-----+--------+

Top non-repeatable levels by time:
     D:1: 62 daAuts
     D:2: 56 daAuts
